 Dungeon Crawl Stone Soup version 0.24-a0-378-g94936e539c (webtiles) character file.

Game seed: 4397901800599519635

899422 theanonym the Swordmaster (level 27, -1/271 HPs)
             Began as a Minotaur Assassin on June 1, 2019.
             Was the Champion of the Shining One.
             Slain by Cerebov
             ... wielding the +6 sword of Cerebov {flame}
              (3 damage)
             ... in Pandemonium.
             The game lasted 03:07:05 (90950 turns).

theanonym the Swordmaster (Minotaur Assassin)      Turns: 90950, Time: 03:07:06

Health: -1/271     AC: 36    Str: 34    XL:     27
Magic:  2/35       EV: 37    Int:  5    God:    the Shining One [******]
Gold:   5646       SH:  0    Dex: 21    Spells: 26/26 levels left

rFire    + + .     SeeInvis .   b - +9 triple sword (holy)
rCold    + + +     Gourm    .   (shield currently unavailable)
rNeg     + + +     Faith    .   M - +9 scales of the Dragon King {rPois rF+ rC+ MR+}
rPois    +         Spirit   .   l - +2 hat {Int+3}
rElec    +         Reflect  .   c - scarf {rC+ rF+}
rCorr    .         Harm     .   z - +0 pair of fencer's gloves {Riposte Dex+3}
MR       +++++     Rnd*Tele +   N - +1 pair of boots "Jom Ily" {rN+ Int-4 Stlth+}
Stlth    ..........             i - amulet "Acuan" {+Rage Str+3}
HPRegen  0.55/turn              T - ring "Razoedue" {rElec rF+ MR++ Stlth-}
MPRegen  0.24/turn              P - ring of the Komtur {rElec rC++ EV+5 Dex-2 Stlth+}

@: mighty, agile, fire vulnerable, glowing
A: retaliatory headbutt, horns 2, blurry vision 1, deformed body, dopey 1, low
mp 1, mutation resistance 1, teleportitis 1, subdued magic 1
}: 8/15 runes: decaying, silver, abyssal, demonic, glowing, magical, dark,
gossamer
a: Divine Shield, Cleansing Flame, Summon Divine Warrior, Renounce Religion,
Evoke Berserk Rage


Innate Abilities, Weirdness & Mutations

You reflexively headbutt those who attack you in melee.
You have a pair of horns on your head.
Scrolls take you a little longer to read.
Armour fits poorly on your strangely shaped body.
You are dopey. (Int -2)
Your magical capacity is low. (-10% MP)
You are somewhat resistant to further mutation.
You are occasionally teleported next to monsters.
Your spells are a little easier to cast, but a little less powerful.


   Skills:
 - Level 26.7 Fighting
   Level 2.3(17.5) Short Blades
 O Level 27 Long Blades
 - Level 2.0 Throwing
 - Level 26.7 Armour
 - Level 26.6 Dodging
 - Level 3.2 Stealth
 + Level 26.0 Invocations


You had 26 spell levels left.
You didn't know any spells.
Your spell library contained the following spells:

 Spells                   Type           Power        Failure   Level  Hunger
 Animate Skeleton         Necr           N/A          92%         1    ##.....
 Apportation              Tloc           #.....       92%         1    ##.....
 Beastly Appendage        Tmut           #.....       92%         1    ##.....
 Confusing Touch          Hex            #.....       92%         1    ##.....
 Corona                   Hex            #......      92%         1    ##.....
 Flame Tongue             Conj/Fire      #....        92%         1    ##.....
 Freeze                   Ice            #...         92%         1    ##.....
 Infusion                 Chrm           #...         92%         1    ##.....
 Magic Dart               Conj           #...         92%         1    ##.....
 Pain                     Necr           #...         92%         1    ##.....
 Sandblast                Erth           #.....       92%         1    ##.....
 Sting                    Conj/Pois      #...         92%         1    ##.....
 Summon Butterflies       Summ           #.......     92%         1    ##.....
 Blink                    Tloc           N/A          98%         2    ###....
 Call Imp                 Summ           #.......     98%         2    ###....
 Corpse Rot               Necr           N/A          98%         2    ###....
 Ensorcelled Hibernation  Hex/Ice        #.....       98%         2    ###....
 Passwall                 Tmut/Erth      #.......     98%         2    ###....
 Poisonous Vapours        Pois/Air       #.....       98%         2    ###....
 Searing Ray              Conj           #.....       98%         2    ###....
 Shroud of Golubria       Chrm/Tloc      #.........   98%         2    ###....
 Slow                     Hex            #.......     98%         2    ###....
 Song of Slaying          Chrm           #.......     98%         2    ###....
 Sticks to Snakes         Tmut           #.......     98%         2    ###....
 Sublimation of Blood     Necr           #.........   98%         2    ###....
 Swiftness                Chrm/Air       #.......     98%         2    ###....
 Throw Flame              Conj/Fire      #.....       98%         2    ###....
 Throw Frost              Conj/Ice       #.....       98%         2    ###....
 Call Canine Familiar     Summ           #.......     100%        3    ####...
 Confuse                  Hex            #.......     100%        3    ####...
 Conjure Flame            Conj/Fire      #.......     100%        3    ####...
 Dazzling Spray           Conj/Hex       #.....       100%        3    ####...
 Gell's Gravitas          Tloc           #.........   100%        3    ####...
 Ignite Poison            Fire/Tmut/Pois #.......     100%        3    ####...
 Inner Flame              Hex/Fire       #.......     100%        3    ####...
 Lesser Beckoning         Tloc           #.........   100%        3    ####...
 Mephitic Cloud           Conj/Pois/Air  #.......     100%        3    ####...
 Ozocubu's Armour         Chrm/Ice       #.......     100%        3    ####...
 Portal Projectile        Hex/Tloc       #.....       100%        3    ####...
 Recall                   Summ/Tloc      N/A          100%        3    ####...
 Regeneration             Chrm/Necr      #.........   100%        3    ####...
 Spectral Weapon          Hex/Chrm       #.......     100%        3    ####...
 Spider Form              Tmut/Pois      #.........   100%        3    ####...
 Static Discharge         Conj/Air       #.......     100%        3    ####...
 Stone Arrow              Conj/Erth      #.....       100%        3    ####...
 Teleport Other           Tloc           #.......     100%        3    ####...
 Tukima's Dance           Hex            #.......     100%        3    ####...
 Vampiric Draining        Necr           #.........   100%        3    ####...
 Animate Dead             Necr           N/A          100%        4    #####..
 Cause Fear               Hex            #.........   100%        4    #####..
 Force Lance              Conj/Tloc      #.......     100%        4    #####..
 Fulminant Prism          Conj/Hex       #.........   100%        4    #####..
 Ice Form                 Ice/Tmut       #.......     100%        4    #####..
 Iskenderun's Mystic Bla  Conj           #.......     100%        4    #####..
 Leda's Liquefaction      Hex/Erth       #.........   100%        4    #####..
 Olgreb's Toxic Radiance  Pois           #.......     100%        4    #####..
 Passage of Golubria      Tloc           N/A          100%        4    #####..
 Petrify                  Tmut/Erth      #.......     100%        4    #####..
 Sticky Flame             Conj/Fire      #.......     100%        4    #####..
 Summon Ice Beast         Ice/Summ       #.......     100%        4    #####..
 Summon Lightning Spire   Summ/Air       #.......     100%        4    #####..
 Throw Icicle             Conj/Ice       #.......     100%        4    #####..
 Agony                    Necr           #.......     100%        5    ######.
 Alistair's Intoxication  Tmut/Pois      #.......     100%        5    ######.
 Aura of Abjuration       Summ           #.........   100%        5    ######.
 Bolt of Magma            Conj/Fire/Erth #.........   100%        5    ######.
 Borgnjor's Vile Clutch   Necr/Erth      #.........   100%        5    ######.
 Fireball                 Conj/Fire      #.........   100%        5    ######.
 Irradiate                Conj/Tmut      #.........   100%        5    ######.
 Lee's Rapid Deconstruct  Erth           #.........   100%        5    ######.
 Lightning Bolt           Conj/Air       #.........   100%        5    ######.
 Metabolic Englaciation   Hex/Ice        #.........   100%        5    ######.
 Silence                  Hex/Air        #.........   100%        5    ######.
 Summon Demon             Summ           #.........   100%        5    ######.
 Summon Forest            Summ/Tloc      #.........   100%        5    ######.
 Summon Mana Viper        Hex/Summ       #.......     100%        5    ######.
 Venom Bolt               Conj/Pois      #.........   100%        5    ######.
 Yara's Violent Unravell  Hex/Tmut       #.........   100%        5    ######.
 Bolt of Cold             Conj/Ice       #.........   100%        6    #######
 Bolt of Fire             Conj/Fire      #.........   100%        6    #######
 Conjure Ball Lightning   Conj/Air       #.........   100%        6    #######
 Darkness                 Hex            #.........   100%        6    #######
 Deflect Missiles         Chrm/Air       #.........   100%        6    #######
 Dispersal                Tloc           #.........   100%        6    #######
 Hydra Form               Tmut           #.........   100%        6    #######
 Invisibility             Hex            #.......     100%        6    #######
 Shadow Creatures         Summ           N/A          100%        6    #######
 Statue Form              Tmut/Erth      #........    100%        6    #######
 Malign Gateway           Summ/Tloc      #.........   100%        7    #######
 Monstrous Menagerie      Summ           #.........   100%        7    #######
 Ring of Flames           Chrm/Fire      #.........   100%        7    #######
 Summon Greater Demon     Summ           #.........   100%        7    #######
 Summon Hydra             Summ           #.........   100%        7    #######
 Controlled Blink         Tloc           N/A          100%        8    #######
 Discord                  Hex            #.........   100%        8    #######
 Disjunction              Tloc           #.........   100%        8    #######
 Ignition                 Fire           #.........   100%        8    #######
 Summon Horrible Things   Summ           #.........   100%        8    #######
 Shatter                  Erth           #.........   100%        9    #######
 Tornado                  Air            #.........   100%        9    #######

Skill      XL: |  1  2  3  4  5  6  7  8  9 10 11 12 13 14 15 16 17 18 19 20 21 22 23 24 25 26 27 |
---------------+----------------------------------------------------------------------------------+-----
Armour         | 1 2 3 4 5 7 8 10 11 13 14 16 17 18 19 20 21 22 23 24 25 26 | 26.7
Fighting       | 3 4 5 6 7 9 10 12 13 14 15 17 19 20 21 22 23 25 26 | 26.7
Long Blades    | 1 4 6 9 11 13 15 17 19 21 22 23 24 25 27 | 27.0
Dodging        | 2 8 11 13 15 17 18 20 21 24 26 | 26.6
Invocations    | 26 | 26.0
Short Blades   | |  2.3
Throwing       | |  2.0
Stealth        | |  3.2

Action                   |  1- 3 |  4- 6 |  7- 9 | 10-12 | 13-15 | 16-18 | 19-21 | 22-24 | 25-27 || total
-------------------------+-------+-------+-------+-------+-------+-------+-------+-------+-------++-------
Melee: Dagger            |    89 |    29 |       |       |       |       |       |       |       ||   118
       Headbutt          |    14 |    27 |    82 |   188 |   341 |   454 |   437 |   519 |  1167 ||  3229
       Falchion          |       |   126 |   333 |   380 |       |       |       |       |       ||   839
       Great sword       |       |       |       |    64 |       |       |       |       |       ||    64
       Triple sword      |       |       |       |   271 |  1082 |  1290 |  1156 |  1358 |  2675 ||  7832
       Scimitar          |       |       |       |       |       |    32 |       |       |       ||    32
       Unarmed           |       |       |       |       |       |       |       |       |    27 ||    27
Throw: Dart              |       |     8 |     7 |     9 |    14 |       |       |       |       ||    38
       Throwing net      |       |       |       |       |       |       |       |     3 |       ||     3
Invok: Berserk           |       |       |       |    21 |    19 |    28 |    15 |    19 |    13 ||   115
       Trog's Hand       |       |       |       |     6 |     4 |     6 |     4 |     8 |     4 ||    32
       Brothers in Arms  |       |       |       |       |       |       |     1 |     3 |     1 ||     5
       Cleansing Flame   |       |       |       |       |       |       |       |       |    81 ||    81
       Divine Shield     |       |       |       |       |       |       |       |       |    23 ||    23
       Summon Divine War |       |       |       |       |       |       |       |       |     4 ||     4
       Brand Weapon With |       |       |       |       |       |       |       |       |     1 ||     1
 Abil: Evoke Flight      |       |       |       |       |       |    19 |       |       |       ||    19
Evoke: Wand              |       |       |     3 |     1 |     6 |    24 |       |     2 |     2 ||    38
  Use: Scroll            |       |     6 |    13 |    10 |    13 |    15 |     6 |    12 |    31 ||   106
       Potion            |       |     1 |     6 |       |     1 |     8 |     1 |    17 |    32 ||    66
 Stab: Sleeping          |     4 |     3 |       |       |       |       |       |       |       ||     7
       Invisible         |       |       |     7 |       |       |       |       |       |    13 ||    20
       Petrified         |       |       |       |       |       |     1 |       |       |       ||     1
       Held in net/web   |       |       |       |       |       |     1 |       |       |       ||     1
       Distracted        |       |       |       |       |       |       |       |       |     1 ||     1
       Petrifying        |       |       |       |       |       |       |       |       |     3 ||     3
       Confused          |       |       |       |       |       |       |       |       |     2 ||     2
  Eat: Chunk             |       |     5 |     8 |    24 |    41 |    20 |    29 |    20 |    19 ||   166
       Ration            |       |     2 |       |     7 |     7 |    22 |     6 |    15 |    24 ||    83
Armor: Ring mail         |    37 |    83 |    21 |       |       |       |       |       |       ||   141
       Skin              |       |       |    11 |       |       |       |       |       |     2 ||    13
       Chain mail        |       |       |   125 |    32 |       |    85 |       |       |       ||   242
       Plate armour      |       |       |       |   534 |   910 |  1035 |   462 |   474 |   118 ||  3533
       Swamp dragon scal |       |       |       |       |       |    76 |       |       |       ||    76
       Gold dragon scale |       |       |       |       |       |       |       |       |   883 ||   883
Dodge: Dodged            |    37 |    93 |    90 |   239 |   424 |   954 |   923 |  1233 |  3161 ||  7154
Block: Buckler           |       |       |    18 |    40 |       |       |       |       |       ||    58
       Other             |       |       |       |       |       |       |       |       |   302 ||   302
       Rpst.: Falchion   |       |    19 |    20 |    21 |       |       |       |       |       ||    60
       Great sword       |       |       |       |     6 |       |       |       |       |       ||     6
       Triple sword      |       |       |       |    30 |   103 |   190 |   182 |   362 |  1109 ||  1976

Inventory:

Hand Weapons
 a - a +3 vampiric triple sword
 b - a +9 triple sword of holy wrath (weapon)
Missiles
 L - 2 throwing nets (quivered)
Armour
 c - a scarf of resistance (worn)
 l - a +2 hat of intelligence (worn)
 z - the +0 pair of fencer's gloves (worn) {Riposte Dex+3}

   It affects your dexterity (+3).
 M - the +9 scales of the Dragon King (worn) {rPois rF+ rC+ MR+}

   It protects you from fire.
   It protects you from cold.
   It protects you from poison.
   It affects your resistance to hostile enchantments.
 N - the +1 pair of boots "Jom Ily" (worn) {rN+ Int-4 Stlth+}

   It affects your intelligence (-4).
   It protects you from negative energy.
   It makes you more stealthy.
 V - the +1 pair of gloves of Agnosticism {Str+6}

   It affects your strength (+6).
Jewellery
 i - the amulet "Acuan" (around neck) {+Rage Str+3}

   [amulet of rage]

   It affects your strength (+3).
   It lets you go berserk.
 s - a +6 ring of evasion
 E - the ring of Xotzi {+Fly rF++ Str-3 Dex+6}

   [ring of flight]

   It affects your strength (-3).
   It affects your dexterity (+6).
   It greatly protects you from fire.
   It lets you fly.
 K - the ring "Xucwed" {+Fly rF+ Int+2 SInv}

   [ring of flight]

   It affects your intelligence (+2).
   It protects you from fire.
   It lets you see invisible.
   It lets you fly.
 P - the ring of the Komtur (right hand) {rElec rC++ EV+5 Dex-2 Stlth+}

   [ring of evasion]

   It affects your evasion (+5).
   It affects your dexterity (-2).
   It greatly protects you from cold.
   It insulates you from electricity.
   It makes you more stealthy.
 R - the ring of Becuiwus {rN+ Str+4 Int+3}

   [ring of positive energy]

   It affects your strength (+4).
   It affects your intelligence (+3).
   It protects you from negative energy.
 T - the ring "Razoedue" (left hand) {rElec rF+ MR++ Stlth-}

   [ring of protection from fire]

   It protects you from fire.
   It insulates you from electricity.
   It affects your resistance to hostile enchantments.
   It makes you less stealthy.
 U - an uncursed ring of resist corrosion
Wands
 d - a wand of digging (7)
 v - a wand of acid (43)
Scrolls
 f - 10 scrolls of fog
 n - 30 scrolls of remove curse
 r - 23 scrolls of identify
 t - 16 scrolls of teleportation
 y - 11 scrolls of magic mapping
 A - 3 scrolls of enchant armour
 B - 8 scrolls of blinking
 D - 2 scrolls of silence
 J - 2 scrolls of immolation
 Q - 6 scrolls of summoning
 X - 3 scrolls of fear
 Y - 2 scrolls of holy word
Potions
 g - 3 potions of invisibility
 j - 8 potions of agility
 k - 11 potions of lignification
 m - a potion of might
 o - 3 potions of ambrosia
 p - 6 potions of cancellation
 q - 10 potions of heal wounds
 u - 3 potions of berserk rage
 w - 8 potions of curing
 x - 6 potions of magic
 C - 4 potions of flight
 F - 9 potions of mutation
 I - 2 potions of resistance
Miscellaneous
 G - a phial of floods
 O - 4 phantom mirrors
 Z - a lamp of fire
Comestibles
 e - 33 rations You were in Pandemonium. You worshipped the Shining One. The Shining One was exalted by your worship. You were not hungry. You visited 11 branches of the dungeon, and saw 53 of its levels. You visited Pandemonium 1 time, and saw 18 of its levels. You visited the Abyss 2 times. You visited 1 bazaar. You also visited: Wizlab. You collected 10055 gold pieces. You spent 4409 gold pieces at shops.

Dungeon Overview and Level Annotations

Branches:
Dungeon (15/15)            Temple (1/1) D:7            Lair (6/6) D:10
  Swamp (4/4) Lair:3       Spider (4/4) Lair:3        Slime (0/5) Lair:5
    Orc (2/2) D:12            Elf (3/3) Orc:2        Vaults (5/5) D:13
  Crypt (3/3) Vaults:2       Tomb (0/3) Crypt:3      Depths (5/5) D:15
    Zot (5/5) Depths:5

Altars:
Ashenzari
Cheibriados
Dithmenos
Elyvilon
Gozag
Hepliaklqana
Kikubaaqudgha
Makhleb
Nemelex Xobeh
Okawaru
Qazlal
Ru
Sif Muna
Trog
Uskayaw
Vehumet
Wu Jian
Xom
Yredelemnul
Zin
The Shining One
Beogh
Jiyva

Shops:
D:5 :   D:6 [   D:9 }   D:10 [   D:11 (   D:14 [*((   Orc:1 (   Orc:2 [***
Elf:3 :}   Vaults:1 *   Vaults:2 (   Vaults:4 *[[[

Portals:
Hell: Depths:1 Depths:2 Depths:3 Depths:4 Depths:5
Abyss: Depths:1 Depths:2 Depths:4
Pandemonium: Depths:3 Depths:4
Ziggurat: Depths:4

Annotations:
Zot:2 2 transporters
Zot:5 1 exclusion
Pan Cerebov

*****,,,,,,,,,,,,,≈≈≈≈..........#
*,,,*,,,,,##*,.....≈≈≈≈...#.#.#.#
*,,,*,,,,**.#.#....≈≈≈≈.........'
*,,,+,,,,*,*..#....≈≈≈≈≈........'
*,,,*,,,.#*,#.#....≈≈≈≈.........'
*,,,*,,,..###......≈≈≈≈...#.#.#.#
*****,,,..........≈≈≈≈..........#
,,,**,*,........&A≈≈≈...#.#######
,,,**,,,........@A≈≈≈.....#***###
,,,**,*,........≈≈≈≈....#.##.....
,,,**,,,........≈≈≈.......##.....
,,,**,**...............##.##.....
,,,**,,*#.............##..##....≈
,,,***,,#.#.#.....#.#.#..###....≈
,****+*,................#'####..≈
,*,,,***#######'##########$$$#...
,*,,,********())),**######$.$#.))


You could see Cerebov and 2 friendly daevas.

Notes
Turn   | Place    | Note
-------+----------+-------------------------------------------
     0 | D:1      | theanonym the Minotaur Assassin began the quest for the
                  | Orb.
     0 | D:1      | Reached XP level 1. HP: 18/18 MP: 0/0
   133 | D:1      | Reached skill level 1 in Armour
   136 | D:1      | Reached XP level 2. HP: 22/25 MP: 1/1
   158 | D:1      | Reached skill level 3 in Fighting
   346 | D:1      | Reached skill level 2 in Armour
   395 | D:1      | Reached XP level 3. HP: 31/31 MP: 2/2
   963 | D:2      | Reached skill level 4 in Fighting
   976 | D:2      | Reached XP level 4. HP: 39/40 MP: 3/3
  1130 | D:2      | Reached skill level 3 in Armour
  1175 | D:2      | Found a white marble altar of Elyvilon.
  1563 | D:3      | Noticed Robin
  1575 | D:3      | Reached skill level 1 in Long Blades
  1577 | D:3      | HP: 20/41 [Robin/+0 club (1)]
  1583 | D:3      | Reached XP level 5. HP: 21/47 MP: 4/4
  1585 | D:3      | HP: 21/47 [hobgoblin/+0 club[Robin] (1)]
  1590 | D:3      | HP: 16/47 [Robin/+0 club (2)]
  1591 | D:3      | Killed Robin
  2140 | D:3      | Reached skill level 2 in Long Blades
  2493 | D:4      | HP: 21/47 [worker ant (6)]
  2499 | D:4      | HP: 17/47 [poisoned by a worker ant]
  2502 | D:4      | Reached skill level 4 in Armour
  2502 | D:4      | HP: 6/47 [orc wizard/magic dart (3)]
  2510 | D:4      | HP: 9/47 [orc/boomerang (6)]
  2806 | D:4      | Noticed Sigmund
  2817 | D:4      | HP: 23/47 [Sigmund/+2 scythe of freezing (5)]
  2820 | D:4      | Killed Sigmund
  2820 | D:4      | Reached skill level 5 in Fighting
  2820 | D:4      | Reached skill level 4 in Long Blades
  2820 | D:4      | Reached XP level 6. HP: 18/56 MP: 5/5
  3057 | D:4      | Noticed Menkaure
  3071 | D:5      | Entered Level 5 of the Dungeon
  3241 | D:5      | Noticed a sky beast
  3269 | D:5      | Killed a sky beast
  3269 | D:5      | Reached skill level 5 in Armour
  3269 | D:5      | Reached XP level 7. HP: 51/62 MP: 6/6
  3366 | D:5      | Reached skill level 5 in Long Blades
  3387 | D:5      | Reached skill level 6 in Fighting
  3576 | D:4      | Killed Menkaure
  3576 | D:4      | Reached skill level 6 in Long Blades
  3722 | D:4      | Reached XP level 8. HP: 62/71 MP: 7/7
  3821 | D:4      | Reached skill level 6 in Armour
  4036 | D:4      | Found a runed translucent gate.
  4036 | D:4      | Found a runed translucent gate.
  4037 | D:4      | Found a runed translucent gate.
  4040 | D:4      | Noticed TheOvate's ghost (novice TeAE)
  4503 | D:5      | Found Lischoz's Book Boutique.
  4694 | D:6      | Reached skill level 7 in Long Blades
  4946 | D:6      | Reached skill level 7 in Fighting
  4985 | D:6      | Noticed Grinder
  4996 | D:6      | Paralysed by Grinder for 4 turns
  5017 | D:6      | Killed Grinder
  5122 | D:6      | Reached skill level 8 in Long Blades
  5158 | D:6      | Found a hazy altar of Hepliaklqana.
  5238 | D:6      | Found Naoll's Armour Shoppe.
  5251 | D:6      | Bought a +0 pair of boots for 58 gold pieces
  5362 | D:6      | Found a stormy altar of Qazlal.
  5366 | D:6      | Reached skill level 7 in Armour
  5801 | D:7      | Reached skill level 9 in Long Blades
  5924 | D:7      | Found a staircase to the Ecumenical Temple.
  5934 | Temple   | Entered the Ecumenical Temple
  5940 | Temple   | Became a worshipper of Trog the Wrathful
  5984 | D:7      | Reached XP level 9. HP: 60/81 MP: 8/8
  6068 | D:7      | Reached skill level 8 in Fighting
  6149 | D:7      | Noticed a wizard
  6149 | D:7      | Noticed a wizard
  6181 | D:7      | Killed a wizard
  6210 | D:7      | Killed a wizard
  6210 | D:7      | Reached skill level 10 in Long Blades
  6210 | D:7      | Reached skill level 8 in Armour
  6433 | D:7      | Found a sparkling altar of Nemelex Xobeh.
  6545 | D:7      | Reached skill level 9 in Fighting
  6741 | D:8      | Reached skill level 11 in Long Blades
  6757 | D:8      | HP: 35/83 [orc warrior/+0 mace (8)]
  6761 | D:8      | Reached * piety under Trog
  6764 | D:8      | HP: 33/83 [scorpion (1)]
  6769 | D:8      | HP: 32/83 [centaur/arrow (1)]
  7086 | D:8      | Reached XP level 10. HP: 91/91 MP: 9/9
  7162 | D:8      | Reached skill level 9 in Armour
  7289 | D:8      | Noticed Pikel
  7321 | D:8      | Killed Pikel
  7360 | D:8      | Noticed Prince Ribbit
  7370 | D:8      | Killed Prince Ribbit
  7398 | D:8      | Found an opulent altar of Gozag.
  7400 | D:8      | Found a runed translucent gate.
  7400 | D:8      | Found a runed translucent gate.
  7400 | D:8      | Found a runed translucent gate.
  7401 | D:8      | Noticed nikopol's ghost (novice DEFE)
  7401 | D:8      | Noticed a manticore
  7509 | D:8      | Found a shattered altar of Ashenzari.
  7560 | D:8      | Paralysed by a hornet for 1 turns
  7568 | D:8      | Reached skill level 12 in Long Blades
  8156 | D:9      | Reached skill level 10 in Fighting
  8454 | D:9      | Found a sacrificial altar of Ru.
  8462 | D:9      | Reached ** piety under Trog
  8703 | D:9      | Reached skill level 10 in Armour
  8787 | D:9      | Found a hide-covered altar of Uskayaw.
  8801 | D:9      | Found Unalatan's Gadget Emporium.
  8938 | D:9      | Reached skill level 13 in Long Blades
  9154 | D:10     | Entered Level 10 of the Dungeon
  9198 | D:10     | Reached XP level 11. HP: 101/101 MP: 10/10
  9227 | D:10     | Killed an unseen horror
  9415 | D:10     | Noticed Josephine
  9425 | D:10     | Killed Josephine
  9425 | D:10     | Reached skill level 11 in Fighting
  9629 | D:10     | Reached skill level 14 in Long Blades
  9642 | D:10     | Reached *** piety under Trog
  9703 | D:10     | Found a staircase to the Lair.
  9736 | D:10     | Reached skill level 11 in Armour
  9863 | D:10     | Noticed Sonja
  9873 | D:10     | Killed Sonja
  9880 | D:10     | HP: 49/102 [poisoned by Sonja]
  9885 | D:10     | HP: 36/102 [poisoned by Sonja]
  9890 | D:10     | HP: 29/102 [poisoned by Sonja]
  9895 | D:10     | HP: 26/102 [poisoned by Sonja]
  9900 | D:10     | HP: 25/102 [poisoned by Sonja]
  9908 | D:10     | HP: 25/102 [poisoned by Sonja]
 10413 | D:10     | Found a deep blue altar of Sif Muna.
 10525 | D:10     | Found Fucelau's Antique Armour Shop.
 10738 | D:11     | Reached **** piety under Trog
 10871 | D:11     | HP: 51/103 [something (2)]
 10876 | D:11     | HP: 38/103 [something (8)]
 10887 | D:11     | Killed an unseen horror
 11108 | D:11     | Found Zawim's Antique Weapon Emporium.
 11118 | D:11     | HP: 78/156 [centaur (7)]
 11121 | D:11     | Reached skill level 15 in Long Blades
 11123 | D:11     | HP: 74/156 [centaur (2)]
 11131 | D:11     | Bought a triple sword for 300 gold pieces
 11288 | D:11     | Reached skill level 12 in Fighting
 11300 | D:11     | Reached XP level 12. HP: 112/112 MP: 11/11
 11732 | D:11     | Reached skill level 12 in Armour
 11789 | D:11     | Reached ***** piety under Trog
 12610 | Lair:1   | Entered Level 1 of the Lair of Beasts
 12617 | Lair:1   | Reached skill level 16 in Long Blades
 12630 | Lair:1   | HP: 84/169 [blink frog (10)]
 12636 | Lair:1   | HP: 70/169 [blink frog (4)]
 13335 | Lair:1   | Noticed Gastronok
 13352 | Lair:1   | Killed Gastronok
 13352 | Lair:1   | Reached skill level 13 in Fighting
 14381 | Lair:2   | Reached skill level 13 in Armour
 14382 | Lair:2   | Reached skill level 17 in Long Blades
 14523 | Lair:2   | Reached XP level 13. HP: 122/122 MP: 12/12
 14650 | Lair:2   | Received a gift from Trog
 15786 | Lair:3   | HP: 59/122 [komodo dragon (14)]
 16119 | Lair:3   | Got a clouded marble ring
 16121 | Lair:3   | Identified the ring of Becuiwus {rN+ Str+4 Int+3} (You
                  | found it on level 3 of the Lair of Beasts)
 16227 | Lair:3   | Noticed Nergalle
 16238 | Lair:3   | Killed Nergalle
 16253 | Lair:3   | Found a hole to the Spider Nest.
 16542 | Lair:3   | Found a staircase to the Swamp.
 16682 | Lair:3   | Reached skill level 18 in Long Blades
 16702 | Lair:3   | Noticed a dire elephant
 16829 | Lair:3   | Reached skill level 14 in Armour
 18289 | Lair:4   | Reached skill level 19 in Long Blades
 18290 | Lair:4   | HP: 61/122 [death yak (2)]
 18875 | Lair:4   | Reached XP level 14. HP: 86/129 MP: 13/13
 19173 | Lair:5   | HP: 62/129 [death yak (14)]
 19187 | Lair:5   | HP: 94/193 [death yak (3)]
 19188 | Lair:5   | Reached skill level 15 in Armour
 19194 | Lair:5   | HP: 88/193 [death yak (3)]
 19201 | Lair:5   | HP: 78/193 [death yak (8)]
 19469 | Lair:5   | Received a gift from Trog
 19671 | Lair:5   | Reached skill level 20 in Long Blades
 19771 | Lair:5   | Found a runed translucent door.
 19771 | Lair:5   | Found a viscous altar of Jiyva.
 19771 | Lair:5   | Found a staircase to the Slime Pits.
 19771 | Lair:5   | Noticed an azure jelly
 19771 | Lair:5   | Noticed an azure jelly
 19771 | Lair:5   | Noticed an azure jelly
 20233 | Lair:6   | Entered Level 6 of the Lair of Beasts
 21470 | Lair:6   | Reached skill level 16 in Armour
 21608 | Lair:6   | Reached skill level 21 in Long Blades
 21743 | Lair:6   | Received a gift from Trog
 22594 | D:12     | Noticed Azrael
 22606 | D:12     | Reached XP level 15. HP: 136/136 MP: 14/14
 22610 | D:12     | Killed Azrael
 22655 | D:12     | HP: 68/136 [cyclops/large rock (28)]
 23857 | D:12     | Found a staircase to the Orcish Mines.
 24111 | Orc:1    | Entered Level 1 of the Orcish Mines
 24523 | Orc:1    | Noticed Erolcha
 24531 | Orc:1    | Killed Erolcha
 24637 | Orc:1    | Found Kuido's Weapon Emporium.
 24848 | Orc:2    | Entered Level 2 of the Orcish Mines
 25042 | Orc:2    | Found a staircase to the Elven Halls.
 25402 | Orc:2    | Reached ****** piety under Trog
 25539 | Orc:2    | Found Cost's Assorted Antiques.
 25558 | Orc:2    | Found Qudygu's Antique Armour Emporium.
 25565 | Orc:2    | Reached skill level 22 in Long Blades
 25568 | Orc:2    | Found Ipressal's Assorted Antiques.
 25582 | Orc:2    | Found Huehe's Assorted Antiques.
 25583 | Orc:2    | Found Kiomoam's General Store.
 25598 | Orc:2    | HP: 66/137 [two-headed ogre/+0 giant spiked club (6)]
 25628 | Orc:2    | HP: 60/137 [ogre/+0 giant club (1)]
 25928 | Orc:2    | Bought a twisted brass amulet for 165 gold pieces
 25942 | Orc:2    | Bought a pair of faintly glowing gloves for 342 gold pieces
 25942 | Orc:2    | Identified the +1 pair of gloves of Agnosticism {Str+6}
                  | (You bought it in a shop on level 2 of the Orcish Mines)
 25974 | Orc:2    | Found a roughly hewn altar of Beogh.
 26693 | Orc:2    | Bought a wooden ring for 130 gold pieces
 26693 | Orc:2    | Bought a twisted plate armour for 728 gold pieces
 26693 | Orc:2    | Identified the cursed +1 plate armour of Distant Shores
                  | {Str+3} (You bought it in a shop on level 2 of the Orcish
                  | Mines)
 26870 | D:13     | Received a gift from Trog
 26875 | D:13     | Paralysed by a hornet for 3 turns
 27142 | D:13     | Reached skill level 17 in Armour
 27463 | D:13     | Reached skill level 14 in Fighting
 27502 | D:13     | Found a gate to the Vaults.
 27785 | D:14     | Found Iczaoh's Assorted Antiques.
 27887 | D:14     | Found a flickering gateway to a bazaar.
 27894 | Bazaar   | Entered a bazaar
 27902 | Bazaar   | Found Vanwy's General Store.
 27916 | Bazaar   | Found Nerixzir's Food Boutique.
 27945 | Bazaar   | Found Cycwipp's Food Boutique.
 27959 | Bazaar   | Found Xiatelakh's Food Shop.
 27973 | Bazaar   | Found Ylanudd's Food Boutique.
 28390 | D:14     | Found Ollillat's Antique Weapon Emporium.
 28401 | D:14     | Found Foabbu's Antique Weapon Shoppe.
 28443 | D:14     | Found Hodah's Armour Shoppe.
 28494 | D:14     | Noticed a storm dragon
 28498 | D:14     | Received a gift from Trog
 28546 | D:14     | Killed a storm dragon
 28557 | D:14     | HP: 68/139 [drowned by a water nymph (shapeshifter) (6)]
 28559 | D:14     | HP: 32/139 [drowned by a water nymph (shapeshifter) (7)]
 28887 | D:14     | Reached XP level 16. HP: 125/147 MP: 11/15
 29358 | D:15     | Entered Level 15 of the Dungeon
 29705 | D:15     | Reached skill level 23 in Long Blades
 30211 | D:15     | Found a staircase to the Depths.
 30367 | D:15     | Received a gift from Trog
 30612 | D:15     | Reached skill level 15 in Fighting
 31228 | D:4      | Killed TheOvate's ghost
 31341 | D:8      | Killed nikopol's ghost
 31720 | Swamp:1  | Entered Level 1 of the Swamp
 31720 | Swamp:1  | Found a runed translucent gate.
 31720 | Swamp:1  | Found a runed translucent gate.
 31720 | Swamp:1  | Found a runed translucent gate.
 31723 | Swamp:1  | Noticed Inarius's ghost (adept DEFE)
 31974 | Swamp:1  | Reached skill level 18 in Armour
 32018 | Swamp:1  | Noticed a thorn hunter
 32028 | Swamp:1  | Killed a thorn hunter
 32125 | Swamp:1  | Killed Inarius's ghost
 32311 | Swamp:1  | HP: 72/149 [poison (poison gas)]
 32316 | Swamp:1  | HP: 55/149 [poison (poison gas)]
 32321 | Swamp:1  | HP: 42/149 [poison (poison gas)]
 32326 | Swamp:1  | HP: 34/149 [poison (poison gas)]
 32331 | Swamp:1  | HP: 29/149 [poison (poison gas)]
 32336 | Swamp:1  | HP: 25/149 [poison (poison gas)]
 32341 | Swamp:1  | HP: 24/149 [poison (poison gas)]
 32346 | Swamp:1  | HP: 23/149 [poison (poison gas)]
 32352 | Swamp:1  | HP: 23/149 [poison (poison gas)]
 32360 | Swamp:1  | HP: 24/149 [poison (poison gas)]
 32844 | Swamp:1  | HP: 109/223 [alligator (6)]
 32858 | Swamp:1  | HP: 50/149 [spriggan rider/cursed -3 spear (13)]
 33134 | Swamp:1  | HP: 74/149 [poisoned by a spiny frog]
 33149 | Swamp:1  | Noticed a thorn hunter
 33151 | Swamp:1  | HP: 64/149 [thorn hunter (12)]
 33157 | Swamp:1  | HP: 49/149 [poisoned by a spiny frog]
 33746 | Swamp:1  | Killed a thorn hunter
 34185 | Swamp:2  | Reached skill level 2 in Dodging
 34200 | Swamp:2  | Reached XP level 17. HP: 96/158 MP: 8/16
 34428 | Swamp:2  | Received a gift from Trog
 34585 | Swamp:2  | Reached skill level 3 in Dodging
 35169 | Swamp:3  | Reached skill level 16 in Fighting
 35659 | Swamp:3  | HP: 72/158 [shambling mangrove (13)]
 35662 | Swamp:3  | Reached skill level 4 in Dodging
 35665 | Swamp:3  | HP: 61/158 [hornet[a shambling mangrove] (1)]
 36650 | Swamp:3  | Found a runed translucent gate.
 36667 | Swamp:3  | Found a runed translucent gate.
 36667 | Swamp:3  | Found a runed translucent gate.
 36668 | Swamp:3  | Noticed Poadatoj's ghost (journeyman MiBe)
 36703 | Swamp:3  | Reached skill level 5 in Dodging
 37307 | Swamp:3  | Reached skill level 19 in Armour
 37315 | Swamp:3  | Killed Poadatoj's ghost
 37366 | Swamp:4  | Entered Level 4 of the Swamp
 37373 | Swamp:4  | Received a gift from Trog
 37493 | Swamp:4  | Reached skill level 6 in Dodging
 37904 | Swamp:4  | HP: 77/160 [swamp dragon (9)]
 37909 | Swamp:4  | HP: 58/160 [poisoned by a swamp dragon (blast of poison)]
 37914 | Swamp:4  | HP: 59/160 [poisoned by a swamp dragon (blast of poison)]
 37919 | Swamp:4  | HP: 60/160 [poisoned by a swamp dragon (blast of poison)]
 37924 | Swamp:4  | HP: 64/160 [poisoned by a swamp dragon (blast of poison)]
 37930 | Swamp:4  | HP: 65/160 [poisoned by a swamp dragon (blast of poison)]
 37938 | Swamp:4  | HP: 66/160 [poisoned by a swamp dragon (blast of poison)]
 37946 | Swamp:4  | HP: 67/160 [poisoned by a swamp dragon (blast of poison)]
 38686 | Swamp:4  | Reached skill level 7 in Dodging
 38853 | Swamp:4  | Reached skill level 17 in Fighting
 39102 | Swamp:4  | HP: 73/161 [spriggan/+0 short sword (9)]
 39110 | Swamp:4  | HP: 67/241 [alligator (9)]
 39116 | Swamp:4  | HP: 39/161 [swamp worm/harpoon shot (8)]
 39121 | Swamp:4  | HP: 27/161 [alligator (2)]
 39501 | Swamp:4  | HP: 72/161 [spriggan rider/+0 spear (13)]
 39516 | Swamp:3  | HP: 51/161 [three-headed hydra (8)]
 40687 | D:6      | Bought the +7 chain mail "Humol" {+Blink rPois rC- Int+7}
                  | for 850 gold pieces
 40998 | Swamp:4  | Got a decaying rune of Zot
 41059 | Swamp:4  | Reached skill level 8 in Dodging
 41060 | Swamp:4  | Received a gift from Trog
 41060 | Swamp:4  | Reached XP level 18. HP: 170/170 MP: 11/17
 41193 | Swamp:4  | Identified the cursed +0 chain mail of Kear {rPois rN+ MR+}
                  | (You found it on level 4 of the Swamp)
 41469 | Spider:1 | Entered Level 1 of the Spider Nest
 42553 | Spider:1 | You fall into a shaft and drop 1 floor!
 42556 | Spider:2 | Received a gift from Trog
 43258 | Spider:1 | HP: 78/171 [tarantella (15)]
 44255 | Spider:1 | Reached skill level 20 in Armour
 44255 | Spider:1 | Reached skill level 9 in Dodging
 44735 | Spider:2 | Noticed Arachne
 44749 | Spider:2 | Killed Arachne
 44749 | Spider:2 | Reached skill level 18 in Fighting
 44750 | Spider:2 | HP: 123/258 [redback (8)]
 44755 | Spider:2 | HP: 113/258 [poisoned by a redback]
 44760 | Spider:2 | HP: 104/258 [poisoned by a redback]
 44765 | Spider:2 | HP: 59/172 [poisoned by a redback]
 44770 | Spider:2 | HP: 52/172 [poisoned by a redback]
 44775 | Spider:2 | HP: 51/172 [poisoned by a redback]
 44780 | Spider:2 | HP: 52/172 [poisoned by a redback]
 44785 | Spider:2 | HP: 58/172 [poisoned by a redback]
 44791 | Spider:2 | HP: 64/172 [poisoned by a redback]
 44799 | Spider:2 | HP: 69/172 [poisoned by a redback]
 45345 | Spider:2 | Reached skill level 10 in Dodging
 46083 | Spider:3 | Received a gift from Trog
 46414 | Spider:2 | HP: 126/259 [emperor scorpion (5)]
 46665 | Spider:3 | Reached skill level 11 in Dodging
 47018 | Spider:4 | Entered Level 4 of the Spider Nest
 47747 | Spider:4 | Reached skill level 19 in Fighting
 48842 | Spider:4 | Reached XP level 19. HP: 183/183 MP: 4/18
 48846 | Spider:4 | Reached skill level 12 in Dodging
 49069 | Spider:4 | Got a gossamer rune of Zot
 49346 | Vaults:1 | Entered Level 1 of the Vaults
 49420 | Vaults:1 | Received a gift from Trog
 49613 | Vaults:1 | Found a runed translucent gate.
 49613 | Vaults:1 | Found a runed translucent gate.
 49613 | Vaults:1 | Found a runed translucent gate.
 49614 | Vaults:1 | Found an opulent altar of Gozag.
 49615 | Vaults:1 | Noticed Eneuly's ghost (legendary MfIE)
 49616 | Vaults:1 | Found Noononko's Assorted Antiques.
 50335 | Vaults:1 | Reached skill level 13 in Dodging
 50401 | Vaults:1 | Reached skill level 20 in Fighting
 50405 | Vaults:1 | HP: 89/185 [death knight/+0 great sword (13)]
 50959 | Vaults:1 | Received a gift from Trog
 51310 | Vaults:2 | Reached skill level 21 in Armour
 51344 | Vaults:2 | HP: 77/185 [stone giant (37)]
 51349 | Vaults:2 | HP: 33/187 [stone giant/large rock (21)]
 51756 | Vaults:2 | Found Wetol's Weapon Boutique.
 51764 | Vaults:2 | Bought a throwing net for 36 gold pieces
 51909 | Vaults:2 | Identified the +2 chain mail "Fabliw" {rC+ Dex+3}
 51913 | Vaults:2 | Reached XP level 20. HP: 166/195 MP: 19/19
 51915 | Vaults:2 | Received a gift from Trog
 51930 | Vaults:2 | Reached skill level 14 in Dodging
 52122 | Vaults:2 | Received a gift from Trog
 52667 | Vaults:2 | Found a staircase to the Crypt.
 52667 | Vaults:2 | Found an ancient bone altar of Kikubaaqudgha.
 52668 | Vaults:2 | Found a basalt altar of Yredelemnul.
 53016 | Vaults:3 | Received a gift from Trog
 53025 | Vaults:3 | Reached skill level 21 in Fighting
 53640 | Vaults:3 | Reached skill level 15 in Dodging
 53706 | Vaults:3 | Reached skill level 22 in Armour
 54007 | Vaults:3 | Received a gift from Trog
 54702 | Vaults:4 | Found Rucim's Antique Armour Shoppe.
 54716 | Vaults:4 | Bought a shiny plate armour for 936 gold pieces
 54759 | Vaults:4 | Paralysed by a great orb of eyes for 5 turns
 55041 | Vaults:4 | Found a burning altar of Makhleb.
 55582 | Vaults:4 | Found Pegro's Armour Emporium.
 55663 | Vaults:4 | Received a gift from Trog
 55663 | Vaults:4 | Reached XP level 21. HP: 174/206 MP: 17/20
 55678 | Vaults:4 | Found Cyttif's Assorted Antiques.
 55765 | Vaults:4 | Bought a scroll labeled XIUKHL SEMI for 43 gold pieces
 55766 | Vaults:4 | Got a heavily runed ivory ring
 55767 | Vaults:4 | Identified the ring "Ulyfiph" {Fire rPois Dex+3} (You
                  | acquired it on level 4 of the Vaults)
 55949 | Vaults:4 | Found Quolub's Antique Armour Shoppe.
 56247 | Vaults:4 | Bought a pair of polished boots for 256 gold pieces
 56247 | Vaults:4 | Identified the +1 pair of boots "Jom Ily" {rN+ Int-4
                  | Stlth+} (You bought it in a shop on level 4 of the Vaults)
 56314 | Vaults:4 | Found Cowet's Magic Scroll Boutique.
 56370 | Vaults:5 | Entered Level 5 of the Vaults
 56378 | Vaults:5 | Reached skill level 16 in Dodging
 56379 | Vaults:5 | Reached skill level 22 in Fighting
 56738 | Depths:1 | Entered Level 1 of the Depths
 56932 | Depths:1 | Found a gateway to Hell.
 57135 | Depths:1 | Found a one-way gate to the infinite horrors of the Abyss.
 57223 | Depths:1 | Received a gift from Trog
 57510 | Depths:1 | Reached skill level 23 in Armour
 57914 | Depths:2 | Received a gift from Trog
 58018 | Depths:2 | Reached skill level 17 in Dodging
 58061 | Depths:2 | HP: 86/209 [stone giant (23)]
 58064 | Depths:2 | HP: 30/209 [tengu conjurer/bolt of poison (27)]
 58069 | Depths:2 | HP: 32/209 [poisoned by a tengu conjurer (bolt of poison)]
 58075 | Depths:2 | HP: 37/209 [poisoned by a tengu conjurer (bolt of poison)]
 58082 | Depths:2 | HP: 44/209 [poisoned by a tengu conjurer (bolt of poison)]
 58089 | Depths:2 | HP: 50/209 [poisoned by a tengu conjurer (bolt of poison)]
 58097 | Depths:2 | HP: 51/209 [poisoned by a tengu conjurer (bolt of poison)]
 58618 | Depths:2 | Reached XP level 22. HP: 217/217 MP: 15/21
 58884 | Depths:2 | Reached skill level 23 in Fighting
 59318 | Depths:2 | Received a gift from Trog
 59429 | Depths:2 | HP: 154/330 [iron troll (15)]
 59443 | Depths:2 | HP: 86/220 [death yak[a spriggan berserker] (26)]
 59448 | Depths:2 | HP: 70/220 [something/vampiric draining (5)]
 60555 | Depths:3 | Received a gift from Trog
 60571 | Depths:3 | Reached skill level 24 in Armour
 60571 | Depths:3 | Reached skill level 18 in Dodging
 60806 | Depths:3 | Found a one-way gate leading to the halls of Pandemonium.
 61818 | Depths:4 | Received a gift from Trog
 61857 | Depths:4 | Noticed Mara
 61861 | Depths:4 | Noticed a caustic shrike
 61861 | Depths:4 | a shadow dragon changed into a caustic shrike
 61868 | Depths:4 | Noticed a caustic shrike
 61868 | Depths:4 | an iron giant changed into a caustic shrike
 61869 | Depths:4 | a caustic shrike changed into an iron dragon
 61871 | Depths:4 | Noticed a golden dragon
 61871 | Depths:4 | an iron dragon changed into a golden dragon
 61874 | Depths:4 | a golden dragon changed into an iron dragon
 61880 | Depths:4 | Noticed a golden dragon
 61880 | Depths:4 | an acid blob changed into a golden dragon
 61883 | Depths:4 | a golden dragon changed into a shadow dragon
 61886 | Depths:4 | Noticed a caustic shrike
 61886 | Depths:4 | a shadow dragon changed into a caustic shrike
 61888 | Depths:4 | Killed a caustic shrike
 61898 | Depths:4 | HP: 97/222 [theanonym's illusion[Mara] (23)]
 61899 | Depths:4 | Noticed theanonym's illusion
 61902 | Depths:4 | Found the +0 pair of fencer's gloves {Riposte Dex+3}
 61903 | Depths:4 | HP: 84/222 [poisoned by theanonym's illusion]
 61908 | Depths:4 | HP: 78/222 [poisoned by theanonym's illusion]
 61914 | Depths:4 | HP: 75/222 [poisoned by theanonym's illusion]
 61919 | Depths:4 | HP: 74/222 [poisoned by theanonym's illusion]
 61925 | Depths:4 | HP: 75/222 [poisoned by theanonym's illusion]
 61933 | Depths:4 | HP: 77/222 [poisoned by theanonym's illusion]
 61992 | Depths:4 | HP: 102/221 [death drake (glowing shapeshifter)] (1)]
 62013 | Depths:4 | HP: 94/222 [something/crystal bolt (3)]
 62025 | Depths:4 | HP: 101/222 [crystal guardian/crystal bolt (4)]
 62033 | Depths:4 | HP: 103/222 [earth elemental (6)]
 62043 | Depths:4 | HP: 104/222 [crystal guardian/crystal bolt (11)]
 62216 | Depths:4 | Reached XP level 23. HP: 147/229 MP: 19/22
 62406 | Depths:4 | Noticed theanonym's illusion
 62419 | Depths:4 | Noticed theanonym's illusion
 62424 | Depths:4 | HP: 109/229 [Mara (illusionary)/nerve-wracking pain (6)]
 62429 | Depths:4 | HP: 64/229 [poisoned by theanonym's illusion]
 62434 | Depths:4 | HP: 63/229 [poisoned by theanonym's illusion]
 62439 | Depths:4 | HP: 42/229 [poisoned by theanonym's illusion]
 62439 | Depths:4 | Killed Mara
 62439 | Depths:4 | Reached skill level 24 in Fighting
 62444 | Depths:4 | HP: 38/229 [poisoned by theanonym's illusion]
 62449 | Depths:4 | HP: 33/229 [poisoned by theanonym's illusion]
 62454 | Depths:4 | HP: 31/229 [poisoned by theanonym's illusion]
 62459 | Depths:4 | HP: 29/229 [poisoned by theanonym's illusion]
 62465 | Depths:4 | HP: 29/229 [poisoned by theanonym's illusion]
 62471 | Depths:4 | HP: 30/229 [poisoned by theanonym's illusion]
 62479 | Depths:4 | HP: 32/229 [poisoned by theanonym's illusion]
 62946 | Depths:4 | Identified the Compendium of the Blaze
 63001 | Depths:4 | HP: 111/229 [+2 halberd of flaming (6)]
 63004 | Depths:4 | HP: 48/229 [raiju/living lightning (8)]
 63032 | Depths:4 | HP: 82/229 [+0 antimagic glaive (2)]
 63037 | Depths:4 | HP: 62/229 [+0 antimagic glaive (22)]
 63059 | Depths:4 | HP: 68/229 [crystal guardian (4)]
 63583 | Depths:4 | Reached skill level 19 in Dodging
 63698 | Depths:4 | Got an ancient emerald amulet
 63700 | Depths:4 | Got a clouded wooden ring
 63749 | Depths:4 | Found a gateway to a ziggurat.
 63966 | Depths:4 | Got a crude platinum ring
 64134 | Depths:5 | Entered Level 5 of the Depths
 64200 | Depths:5 | Reached skill level 24 in Long Blades
 64212 | Depths:5 | HP: 103/229 [stone giant/large rock (14)]
 64214 | Depths:5 | HP: 50/229 [yaktaur captain/bolt (14)]
 64222 | Depths:5 | HP: 43/229 [stone giant (10)]
 64224 | Depths:5 | HP: 21/229 [yaktaur/bolt[a yaktaur captain] (15)]
 64225 | Depths:5 | HP: 4/229 [yaktaur captain/bolt (15)]
 64233 | Depths:5 | HP: 55/343 [yaktaur captain (10)]
 64241 | Depths:5 | Received a gift from Trog
 64750 | Depths:5 | HP: 110/231 [white draconian/chilling blast (12)]
 64760 | Depths:5 | HP: 110/231 [deep troll earth mage/blast of rock fragments
                  | (4)]
 64765 | Depths:5 | HP: 86/231 [golden dragon] (8)]
 64770 | Depths:5 | HP: 78/231 [poisoned by a golden dragon (poison gas)]
 64775 | Depths:5 | HP: 74/231 [poisoned by a golden dragon (poison gas)]
 64780 | Depths:5 | HP: 73/231 [poisoned by a golden dragon (poison gas)]
 64785 | Depths:5 | HP: 62/231 [something] (3)]
 65129 | Depths:4 | Identified the amulet "Acuan" {+Rage Str+3} (You found it
                  | on level 4 of the Depths)
 65130 | Depths:4 | Identified the ring of Xotzi {+Fly rF++ Str-3 Dex+6} (You
                  | found it on level 4 of the Depths)
 65131 | Depths:4 | Identified the ring "Razoedue" {rElec rF+ MR++ Stlth-} (You
                  | found it on level 4 of the Depths)
 65149 | Depths:5 | Reached skill level 25 in Armour
 65338 | Depths:5 | Noticed a caustic shrike
 65339 | Depths:5 | Noticed a caustic shrike
 65339 | Depths:5 | Noticed a caustic shrike
 65340 | Depths:5 | Noticed a caustic shrike
 65343 | Depths:5 | Killed a caustic shrike
 65352 | Depths:5 | Killed a caustic shrike
 65358 | Depths:5 | Killed a caustic shrike
 65365 | Depths:5 | Killed a caustic shrike
 65636 | Depths:5 | Noticed a caustic shrike
 65636 | Depths:5 | Noticed a caustic shrike
 65636 | Depths:5 | Noticed a caustic shrike
 65636 | Depths:5 | Noticed a caustic shrike
 65641 | Depths:5 | Killed a caustic shrike
 65647 | Depths:5 | Killed a caustic shrike
 65650 | Depths:5 | Killed a caustic shrike
 65652 | Depths:5 | Killed a caustic shrike
 65884 | Depths:5 | HP: 114/232 [poison (poison gas)]
 65889 | Depths:5 | HP: 109/232 [green draconian] (2)]
 65894 | Depths:5 | HP: 89/232 [poison (poison gas)]
 65899 | Depths:5 | HP: 74/232 [poison (poison gas)]
 65904 | Depths:5 | HP: 69/232 [poison (poison gas)]
 65909 | Depths:5 | HP: 67/232 [poison (poison gas)]
 65915 | Depths:5 | HP: 65/232 [poison (poison gas)]
 65921 | Depths:5 | HP: 65/232 [poison (poison gas)]
 65927 | Depths:5 | HP: 66/232 [poison (poison gas)]
 65935 | Depths:5 | HP: 68/232 [poison (poison gas)]
 66426 | Depths:5 | Found a gate to the Realm of Zot.
 66833 | Elf:1    | Entered Level 1 of the Elven Halls
 66841 | Elf:1    | Noticed Donald
 66868 | Orc:2    | Killed Donald
 67030 | Elf:1    | Received a gift from Trog
 67038 | Elf:1    | Reached skill level 20 in Dodging
 67050 | Elf:1    | Reached skill level 25 in Fighting
 67052 | Elf:1    | Reached XP level 24. HP: 227/242 MP: 22/22
 67060 | Elf:1    | Received a gift from Trog
 67131 | Elf:1    | Identified the Reference Book on Evil
 67232 | Elf:1    | Noticed Agnes
 67245 | Elf:1    | Killed Agnes
 67646 | Elf:1    | Noticed Frances
 67653 | Elf:1    | Killed Frances
 67660 | Elf:1    | Identified Roxanne's Tome of Shape Shifting
 67660 | Elf:1    | Noticed Roxanne
 67677 | Elf:1    | Killed Roxanne
 67981 | Elf:2    | Received a gift from Trog
 68555 | Elf:2    | Found a runed translucent gate.
 68555 | Elf:2    | Found a runed translucent gate.
 68563 | Elf:2    | Found a runed translucent gate.
 68794 | Elf:2    | Received a gift from Trog
 68927 | Elf:2    | Received a gift from Trog
 69032 | Elf:2    | Reached skill level 26 in Armour
 69374 | Elf:3    | Entered Level 3 of the Elven Halls
 69406 | Elf:3    | Noticed Asterion
 69414 | Elf:3    | Killed Asterion
 69571 | Elf:3    | Identified the +8 quarterstaff of Courage {crush, Dex+4}
 69618 | Elf:3    | Identified the ring of Scepticism {Fire *Slow rPois Slay+2
                  | Stlth+} (You acquired it on level 3 of the Elven Halls)
 69886 | Elf:3    | Received a gift from Trog
 69923 | Elf:3    | Reached skill level 21 in Dodging
 69984 | Elf:3    | Received a gift from Trog
 70035 | Elf:3    | Identified the amulet of the Present {Inacc *Slow Dex+4}
                  | (You found it on level 3 of the Elven Halls)
 70064 | Elf:3    | Identified the amulet "Zemump" {*Drain +Rage rC- rN+++
                  | MR+++}
 70066 | Elf:3    | Identified the +6 morningstar "Siptiuhid" {protect, rC+
                  | Str-2 Dex+8 Stlth-}
 70074 | Elf:3    | Identified the +3 halberd of Optimality {flame, MR+}
 70089 | Elf:3    | Reached skill level 26 in Fighting
 70158 | Elf:3    | Identified the Compendium of Beguiling and the Glacier
 70175 | Elf:3    | Identified the Compendium of Self-Knowledge and Stones
 70348 | Elf:3    | Found Jiewk's Book Emporium.
 70557 | Elf:3    | Found Seyxets's Gadget Boutique.
 70616 | Elf:3    | theanonym: !lg . fifsk=evo
 70616 | Elf:3    | meem: No games for theanonym (fifsk=evo).
 70616 | Elf:3    | theanonym: !lg . fifsk=evocation
 70616 | Elf:3    | meem: No games for theanonym (fifsk=evocation).
 70616 | Elf:3    | theanonym: !lg . fifsk=evocations
 70616 | Elf:3    | meem: 30. theanonym the Infernalist (L27 GrFE of Vehumet),
                  | escaped with the Orb and 15 runes on 2019-05-28 19:14:28,
                  | with 14189013 points after 113085 turns and 8:14:14.
 70616 | Elf:3    | theanonym: !lg . fifsk=evocations s=char
 70616 | Elf:3    | meem: 30 games for theanonym (fifsk=evocations): 2x OpFE,
                  | 2x DEFE, 2x DENe, 2x GrEE, 2x HOFi, 2x DDFi, MuNe, MuVM,
                  | MuWz, NaAr, OpCj, GhMo, GnHu, GrBe, DEWz, GrFE, GrFi, DrGl,
                  | MiBe, MiGl, MuCj, MuEE, MuFE, MuIE
 71473 | Vaults:5 | Received a gift from Trog
 71483 | Vaults:5 | Noticed Xtahua
 71514 | Vaults:5 | Killed Xtahua
 71514 | Vaults:5 | Reached XP level 25. HP: 230/253 MP: 22/22
 71637 | Vaults:5 | Reached skill level 22 in Dodging
 71690 | Vaults:5 | Identified the +7 glaive "Vuiz Zuo" {protect, Dex+5}
 71690 | Vaults:5 | Identified the ring "Duotobug" {MR+ MP+9 Slay+5}
 71767 | Vaults:5 | Received a gift from Trog
 72094 | Vaults:5 | Reached skill level 23 in Dodging
 72102 | Vaults:5 | Identified the +0 leather armour of Dim Light {rElec rN++}
 72122 | Vaults:5 | Reached skill level 25 in Long Blades
 72128 | Vaults:5 | Received a gift from Trog
 72137 | Vaults:5 | Identified the cursed +3 spear "Tud Vesch" {pierce, rF+ rN+
                  | Stlth-}
 72159 | Vaults:5 | Cast into level 4 of the Abyss (vault warden)
 72255 | Abyss:4  | Gained mutation: Your magical capacity is low. (-10% MP) [a
                  | neqoxec]
 72389 | Abyss:5  | Entered Level 5 of the Abyss
 72389 | Abyss:5  | Entered Level 5 of the Abyss
 72501 | Abyss:5  | HP: 120/253 [wretched star/orb of energy (20)]
 72506 | Vaults:5 | Escaped the Abyss
 72514 | Vaults:5 | HP: 139/340 [yaktaur captain/+0 spear (12)]
 72528 | Vaults:5 | Received a gift from Trog
 72924 | Vaults:5 | Got a silver rune of Zot
 73130 | Vaults:5 | Identified the Grimoire of Beguiling and Changing
 73752 | Zot:1    | Entered Level 1 of the Realm of Zot
 73796 | Zot:1    | Reached skill level 24 in Dodging
 74086 | Zot:1    | Reached XP level 26. HP: 242/261 MP: 19/19
 74421 | Zot:1    | HP: 108/261 [??? (56)]
 75564 | Zot:1    | Received a gift from Trog
 75578 | Zot:1    | Reached skill level 25 in Dodging
 75661 | Zot:1    | Reached skill level 26 in Long Blades
 75913 | Zot:2    | Found a transporter.
 76364 | Zot:2    | You fall into a shaft and drop 1 floor!
 76466 | Zot:2    | Found a transporter.
 77075 | Zot:3    | HP: 114/261 [??? (59)]
 77424 | Zot:3    | Reached skill level 26 in Dodging
 77454 | Zot:3    | Received a gift from Trog
 77676 | Zot:3    | Reached skill level 27 in Long Blades
 77975 | Zot:3    | Reached XP level 27. HP: 214/269 MP: 19/19
 79119 | Zot:5    | Entered Level 5 of the Realm of Zot
 79913 | Temple   | Fell from the grace of Trog
 79913 | Temple   | Became a worshipper of the Shining One
 80099 | Crypt:1  | Entered Level 1 of the Crypt
 80131 | Crypt:1  | Reached * piety under the Shining One
 80168 | Crypt:1  | Noticed Boris
 80184 | Crypt:1  | Killed Boris
 80189 | Crypt:1  | Reached ** piety under the Shining One
 80235 | Crypt:1  | Found a magical portal.
 80257 | WizLab   | Entered The Chambers of the Cloud Mage
 80277 | WizLab   | Reached *** piety under the Shining One
 80407 | WizLab   | Identified the +1 robe of the Sea {rF- Str+6 Dex+2}
 80409 | WizLab   | Paralysed by you for 3 turns
 80447 | WizLab   | Got a shimmering glass ring
 80448 | WizLab   | Identified the ring "Kefeciam" {+Fly Dex+3} (You found it
                  | in a wizard's laboratory)
 80454 | WizLab   | Got a smoking pewter ring
 80455 | WizLab   | Identified the ring of the Komtur {rElec rC++ EV+5 Dex-2
                  | Stlth+} (You found it in a wizard's laboratory)
 80461 | WizLab   | Identified the Collected Works on Flight
 80722 | WizLab   | Reached skill level 1 in Invocations
 80767 | WizLab   | Paralysed by you for 3 turns
 80860 | Crypt:1  | Reached skill level 2 in Invocations
 81075 | Crypt:1  | Reached **** piety under the Shining One
 81090 | Crypt:1  | Reached skill level 3 in Invocations
 81120 | Crypt:1  | Reached skill level 4 in Invocations
 81569 | Crypt:2  | Reached skill level 5 in Invocations
 81576 | Crypt:2  | Reached ***** piety under the Shining One
 81600 | Crypt:2  | Reached skill level 6 in Invocations
 82115 | Crypt:3  | Entered Level 3 of the Crypt
 82121 | Crypt:3  | Reached skill level 7 in Invocations
 82336 | Crypt:3  | Reached skill level 8 in Invocations
 82356 | Crypt:3  | HP: 89/267 [??? (45)]
 82358 | Crypt:3  | HP: 35/267 [flayed ghost/flay_damage[a curse skull] (25)]
 82363 | Crypt:3  | HP: 83/267 [??? (43)]
 82767 | Crypt:3  | Reached skill level 9 in Invocations
 82772 | Crypt:3  | Reached ****** piety under the Shining One
 82773 | Crypt:3  | Identified a +8 triple sword of holy wrath (a +6 triple
                  | sword of venom blessed by the Shining One)
 82773 | Crypt:3  | Received a gift from the Shining One
 82865 | Crypt:3  | Got a scorched bone ring
 82866 | Crypt:3  | Identified the ring "Xucwed" {+Fly rF+ Int+2 SInv} (You
                  | found it on level 3 of the Crypt)
 83283 | Crypt:3  | Reached skill level 10 in Invocations
 83403 | Crypt:3  | Found a staircase to the Tomb.
 83424 | Crypt:3  | Found the +9 scales of the Dragon King {rPois rF+ rC+ MR+}
 83449 | Crypt:3  | Identified Bemif's Handbook of Dusty Translocation
 83459 | Crypt:3  | Noticed an ancient lich
 83462 | Crypt:3  | Killed an ancient lich
 83462 | Crypt:3  | Reached skill level 11 in Invocations
 83577 | Crypt:3  | Identified the Volume of Floating Transformation
 84333 | Vaults:1 | Killed Eneuly's ghost
 84379 | Vaults:1 | Bought a scroll of blinking for 292 gold pieces
 84379 | Vaults:1 | Bought a scroll of identify for 78 gold pieces
 84379 | Vaults:1 | Bought a transparent lapis lazuli ring for 195 gold pieces
 84379 | Vaults:1 | Identified the ring of Afuniose {rC+ SInv} (You bought it
                  | in a shop on level 1 of the Vaults)
 84588 | Depths:1 | Voluntarily entered the Abyss.
 84588 | Abyss:1  | Found a corrupted altar of Lugonu.
 84644 | Abyss:1  | Reached skill level 12 in Invocations
 84705 | Abyss:1  | Found a roughly hewn altar of Beogh.
 84762 | Abyss:2  | Got a warped ivory ring
 84763 | Abyss:2  | Identified the ring of the Frog {rPois MR+} (You acquired
                  | it on level 2 of the Abyss)
 85010 | Abyss:3  | Paralysed by you for 4 turns
 85012 | Abyss:3  | HP: 172/406 [lurking horror (91)]
 85028 | Abyss:3  | HP: 134/271 [merfolk javelineer/javelin (4)]
 85034 | Abyss:3  | HP: 127/271 [starcursed mass/accursed screaming (5)]
 85044 | Abyss:3  | Reached skill level 13 in Invocations
 85060 | Abyss:3  | Got an abyssal rune of Zot
 85512 | Depths:1 | Escaped the Abyss
 85604 | Pan      | Entered Pandemonium
 85604 | Pan      | Noticed Qerhoh the pandemonium lord
 85620 | Pan      | Killed Qerhoh the pandemonium lord
 85620 | Pan      | Reached skill level 14 in Invocations
 85644 | Pan      | Entered the realm of Lom Lobon.
 85743 | Pan      | Reached skill level 15 in Invocations
 85983 | Pan      | Noticed Lom Lobon
 85997 | Pan      | Killed Lom Lobon
 86060 | Pan      | Got a magical rune of Zot
 86202 | Pan      | Reached skill level 16 in Invocations
 86530 | Pan      | HP: 102/271 [hellion/damnation (35)]
 86565 | Pan      | Noticed Umetz the pandemonium lord
 86568 | Pan      | HP: 129/271 [Umetz the pandemonium lord (8)]
 86572 | Pan      | Killed Umetz the pandemonium lord
 86830 | Pan      | Noticed Duar Ysyfu the pandemonium lord
 86844 | Pan      | Killed Duar Ysyfu the pandemonium lord
 86851 | Pan      | Reached skill level 17 in Invocations
 86982 | Pan      | Found an exit through the horrors of the Abyss.
 87032 | Pan      | Noticed Huthrezepp the pandemonium lord
 87040 | Pan      | Killed Huthrezepp the pandemonium lord
 87056 | Pan      | HP: 112/271 [Hell Sentinel/iron shot (47)]
 87062 | Pan      | Reached skill level 18 in Invocations
 87390 | Pan      | Noticed Yshras the pandemonium lord
 87412 | Pan      | Killed Yshras the pandemonium lord
 87470 | Pan      | Gained mutation: Armour fits poorly on your strangely
                  | shaped body. [a cacodemon]
 87502 | Pan      | Gained mutation: Scrolls take you a little longer to read.
                  | [a neqoxec]
 87506 | Pan      | Noticed Wiqatihu the pandemonium lord
 87520 | Pan      | Reached skill level 19 in Invocations
 87521 | Pan      | Killed Wiqatihu the pandemonium lord
 87742 | Pan      | Noticed Quarrudu the pandemonium lord
 87754 | Pan      | Killed Quarrudu the pandemonium lord
 87823 | Pan      | Reached skill level 20 in Invocations
 87984 | Pan      | Noticed Okeaps the pandemonium lord
 87990 | Pan      | HP: 118/271 [??? (62)]
 87991 | Pan      | Killed Okeaps the pandemonium lord
 88362 | Pan      | Reached skill level 21 in Invocations
 88395 | Pan      | Got a coiled ivory ring
 88398 | Pan      | Identified the ring "Xezxirgh" {rF- rC+ Str+4 Int+3} (You
                  | acquired it in Pandemonium)
 88508 | Pan      | Noticed Puipnann the pandemonium lord
 88517 | Pan      | Killed Puipnann the pandemonium lord
 88873 | Pan      | Noticed Irofith the pandemonium lord
 88887 | Pan      | Killed Irofith the pandemonium lord
 88889 | Pan      | Reached skill level 22 in Invocations
 88907 | Pan      | Got a demonic rune of Zot
 89074 | Pan      | Entered the realm of Mnoleg.
 89151 | Pan      | HP: 134/271 [tentacled monstrosity (4)]
 89154 | Pan      | Paralysed by a floating eye for 2 turns
 89156 | Pan      | HP: 64/271 [tentacled monstrosity (5)]
 89158 | Pan      | Gained mutation: You are dopey. (Int -2) [a neqoxec]
 89423 | Pan      | Gained mutation: You are frail. (-10% HP) [a neqoxec]
 89463 | Pan      | Gained mutation: You are occasionally teleported next to
                  | monsters. [a cacodemon]
 89464 | Pan      | Gained mutation: Your magical capacity is very low. (-20%
                  | MP) [a neqoxec]
 89466 | Pan      | Gained mutation: Your spells are a little easier to cast,
                  | but a little less powerful. [a neqoxec]
 89472 | Pan      | Gained mutation: You are very frail. (-20% HP) [a
                  | cacodemon]
 89496 | Pan      | Gained mutation: You tend to lose your temper in combat. [a
                  | cacodemon]
 89498 | Pan      | Reached skill level 23 in Invocations
 89499 | Pan      | Noticed Mnoleg
 89506 | Pan      | Killed Mnoleg
 89515 | Pan      | Got a glowing rune of Zot
 89531 | Pan      | Entered the realm of Gloorx Vloq.
 89706 | Pan      | Noticed Mennas
 89732 | Pan      | Killed Mennas
 89732 | Pan      | Reached skill level 24 in Invocations
 89904 | Pan      | Found an exit through the horrors of the Abyss.
 90031 | Pan      | Noticed Gloorx Vloq
 90035 | Pan      | HP: 94/216 [??? (49)]
 90040 | Pan      | HP: 63/216 [Gloorx Vloq/poison arrow (1)]
 90040 | Pan      | Killed Gloorx Vloq
 90046 | Pan      | HP: 83/216 [poisoned by Gloorx Vloq (poison arrow)]
 90052 | Pan      | HP: 84/216 [poisoned by Gloorx Vloq (poison arrow)]
 90055 | Pan      | Got a dark rune of Zot
 90060 | Pan      | HP: 86/216 [poisoned by Gloorx Vloq (poison arrow)]
 90370 | Pan      | Identified the +4 large shield "Kosarieng" {Slay+4 SInv}
 90374 | Pan      | HP: 93/216 [??? (48)]
 90385 | Pan      | HP: 96/216 [smoke demon/divine providence (14)]
 90387 | Pan      | Noticed Zog Fups the pandemonium lord
 90402 | Pan      | Killed Zog Fups the pandemonium lord
 90428 | Pan      | Paralysed by you for 2 turns
 90430 | Pan      | HP: 81/216 [??? (41)]
 90437 | Pan      | HP: 89/216 [gelid warmonger/+7 demon whip of flaming (16)]
 90445 | Pan      | Reached skill level 25 in Invocations
 90554 | Pan      | Noticed Fouma the pandemonium lord
 90571 | Pan      | Killed Fouma the pandemonium lord
 90710 | Pan      | Lost mutation: Your magical capacity is very low. (-20% MP)
                  | [potion of mutation]
 90710 | Pan      | Lost mutation: You are very frail. (-20% HP) [potion of
                  | mutation]
 90710 | Pan      | Lost mutation: You tend to lose your temper in combat.
                  | [potion of mutation]
 90710 | Pan      | Lost mutation: You are frail. (-10% HP) [potion of
                  | mutation]
 90710 | Pan      | Gained mutation: You are somewhat resistant to further
                  | mutation. [potion of mutation]
 90771 | Pan      | Entered the realm of Cerebov.
 90853 | Pan      | Reached skill level 26 in Invocations
 90890 | Pan      | Identified the +6 sword of Cerebov {flame}
 90890 | Pan      | Noticed Cerebov
 90935 | Pan      | HP: 132/271 [reaper/+1 scythe of flaming[Cerebov] (30)]
 90939 | Pan      | HP: 38/271 [Cerebov/the +6 sword of Cerebov {flame} (29)]
 90945 | Pan      | HP: 54/271 [???[Cerebov] (27)]
 90950 | Pan      | HP: 2/271 [Cerebov/iron shot (75)]
 90950 | Pan      | Slain by Cerebov

Vanquished Creatures
  11 pandemonium lords (Pan)
  Gloorx Vloq (Pan)
  Mnoleg (Pan)
  Lom Lobon (Pan)
  Mennas (Pan)
  An ancient lich (Crypt:3)
  The ghost of Eneuly the Phalangite, a legendary MfIE of Makhleb (Vaults:1)
  Boris (Crypt:1)
  6 curse toes
  Xtahua (Vaults:5)
  A caustic shrike (shapeshifter) (Depths:4)
  8 caustic shrikes (Depths:5)
  4 golden dragons
  A bone dragon (Crypt:3)
  Arachne (Spider:2)
  2 electric golems
  4 Tzitzimimeh (Pan)
  2 Brimstone Fiends (Pan)
  A Cloud Mage (WizLab)
  3 Ice Fiends (Pan)
  7 liches
  A hellephant (Abyss:5)
  16 tentacled monstrosities
  Asterion (Elf:3)
  2 deep elf blademasters (Elf:3)
  7 Hell Sentinels (Pan)
  2 Orb Guardians (Zot:5)
  5 quicksilver dragons
  2 deep elf master archers (Elf:3)
  8 titans
  Frances (Elf:1)
  21 Executioners (Pan)
  Gastronok (Lair:1)
  3 ancient champions
  2 sphinxes
  8 death cobs
  Agnes (Elf:1)
  4 thorn hunters
  A storm dragon (shapeshifter) (Depths:4)
  4 tentacled starspawn
  A sphinx (shapeshifter) (Depths:4)
  A nagaraja (Abyss:3)
  8 shadow dragons
  9 storm dragons
  A revenant (Crypt:2)
  6 tengu reavers
  The ghost of Inarius the Scorcher, an adept DEFE of Vehumet (Swamp:1)
  Roxanne (Elf:1)
  Donald (Orc:2)
  7 fire giants
  3 azure jellies (Lair:5)
  9 draconian monks
  11 deep elf sorcerers
  8 frost giants
  4 draconian knights
  19 balrugs
  5 ghost moths
  6 draconian scorchers
  15 cacodemons (Pan)
  5 emperor scorpions
  2 iron dragons
  7 deep elf elementalists
  3 ghouls
  3 draconian shifters
  The ghost of Poadatoj the Severer, a journeyman MiBe of Trog (Swamp:3)
  14 ironheart preservers
  23 vault wardens
  3 draconian stormcallers
  4 warmongers (Pan)
  7 curse skulls
  34 stone giants
  11 reapers
  10 draconian annihilators
  A spriggan defender (Depths:3)
  9 war gargoyles
  A juggernaut skeleton (Crypt:2)
  A caustic shrike skeleton (Depths:2)
  8 vampire knights
  36 very ugly things
  4 entropy weavers
  11 deep elf demonologists
  6 corrupters (Pan)
  8 blood saints (Pan)
  Azrael (D:12)
  16 green draconians
  11 deep elf annihilators
  7 black draconians
  4 black suns (Pan)
  12 yellow draconians
  A dire elephant (Lair:6)
  9 purple draconians
  11 white draconians
  8 lorocyprocas
  11 red draconians
  14 spark wasps
  A merfolk javelineer (Abyss:3)
  An eidolon (Crypt:1)
  12 blizzard demons
  24 ettins
  10 green deaths (Pan)
  11 crystal guardians (Depths:4)
  8 fire dragons
  4 deep elf high priests (Vaults:5)
  Josephine (D:10)
  40 vault guards
  10 great orbs of eyes
  27 yaktaur captains
  8 deep elf death magi
  5 jiangshi
  Erolcha (Orc:1)
  A rakshasa (Vaults:3)
  28 hydras
  6 monstrous demonspawn (Pan)
  A quicksilver dragon skeleton (Crypt:3)
  9 ice dragons
  6 spriggan air magi
  2 hell beasts
  5 shambling mangroves
  17 centaur warriors
  15 alligators
  6 ghost crabs
  A catoblepas (D:14)
  15 deep troll earth magi
  6 death knights
  32 two-headed ogres
  6 tengu warriors
  12 ogre magi
  A death yak (shapeshifter) (Vaults:5)
  16 death yaks
  A queen ant (shapeshifter) (Depths:4)
  13 deep troll shamans
  36 dancing weapons
  4 shock serpents
  6 vampire magi
  4 spriggan berserkers
  An orc high priest (Orc:1)
  6 thrashing horrors
  5 wretched stars
  19 soul eaters
  2 titan skeletons (Crypt:3)
  Sonja (D:10)
  Nergalle (Lair:3)
  46 sun demons (Pan)
  2 fire crabs
  15 sixfirhies
  A fire crab (shapeshifter) (Depths:2)
  9 shadow wraiths
  The ghost of nikopol the Thaumaturge, a novice DEFE of Vehumet (D:8)
  5 hell knights
  24 deep elf knights
  29 skeletal warriors
  A sea snake (shapeshifter) (D:15)
  An anaconda zombie (Crypt:3)
  3 death drakes (WizLab)
  3 flayed ghosts
  2 ghost moth zombies
  A storm dragon skeleton (Pan)
  A death drake (shapeshifter) (Depths:4)
  8 iron trolls
  6 unseen horrors
  A golden dragon zombie (Depths:3)
  7 glowing orange brains
  2 infernal demonspawn (Pan)
  8 torturous demonspawn (Pan)
  7 wizards
  2 spriggan druids
  14 deep elf archers
  13 shadow demons (Pan)
  An orange crystal statue (Elf:3)
  2 anaconda skeletons (Pan)
  8 gelid demonspawn (Pan)
  18 ironbrand convokers
  5 obsidian statues
  Pikel (D:8)
  38 deep trolls
  12 swamp dragons
  6 phantasmal warriors
  2 golden dragon skeletons (Crypt:1)
  A shadow dragon zombie (Crypt:3)
  18 starcursed masses
  11 necromancers
  2 harpies (shapeshifter)
  71 deep elf magi
  An orb spider (shapeshifter) (D:13)
  A fire giant zombie (Crypt:3)
  8 harpies (Vaults:2)
  4 shadow dragon skeletons
  3 sphinx zombies
  16 orb spiders
  A stone giant zombie (Crypt:1)
  4 manticores
  A worldbinder (Abyss:3)
  2 iron dragon zombies (Crypt:2)
  12 orc knights
  A wolf spider (shapeshifter) (Depths:4)
  30 wolf spiders
  33 cyclopes
  67 ugly things
  A shining eye (Pan)
  3 orc sorcerers
  A frost giant skeleton (Depths:2)
  32 elephants
  A frost giant zombie (Crypt:3)
  9 black mambas
  A moth of wrath (shapeshifter) (Depths:4)
  A shock serpent zombie (Crypt:1)
  2 guardian serpents
  5 centaur zombies
  A rust devil (Pan)
  19 moths of wrath
  14 vault sentinels
  17 apocalypse crabs
  9 fire giant skeletons
  3 iron dragon skeletons
  3 molten gargoyles (Depths:4)
  27 smoke demons
  3 stone giant skeletons
  A torpor snail (Lair:5)
  23 spiny frogs
  22 orange demons
  9 gargoyles
  5 spectral swamp worms (Depths:3)
  2 dire elephant skeletons (Pan)
  A shock serpent skeleton (Crypt:1)
  7 komodo dragons
  A spiny frog (shapeshifter) (Vaults:1)
  7 tormentors (Pan)
  6 hellions (Pan)
  2 rime drakes (shapeshifter) (D:15)
  4 efreet
  3 human zombies
  12 freezing wraiths
  A yaktaur zombie (Vaults:3)
  2 redback zombies
  A rime drake (Lair:2)
  A yaktaur (shapeshifter) (Abyss:3)
  70 yaktaurs
  2 hellwings (Pan)
  2 ice devils
  17 demonic crawlers
  A catoblepas skeleton (Crypt:1)
  A purple draconian skeleton (Crypt:2)
  A yaktaur skeleton (Vaults:4)
  2 queen bees (shapeshifter)
  18 trolls
  19 red devils
  A merfolk (shapeshifter) (Depths:3)
  4 ancient zymes
  A queen bee (Spider:2)
  36 jumping spiders
  3 tengu conjurers
  A hydra zombie (Crypt:3)
  8 polar bears
  4 meliai
  36 hornets
  A shadow dragon simulacrum (Depths:2)
  4 wind drakes
  14 bog bodies
  8 raiju
  Prince Ribbit (D:8)
  10 tyrant leeches
  2 ettin zombies
  8 hippogriffs
  A human simulacrum (Vaults:3)
  Grinder (D:6)
  A hornet (shapeshifter) (Depths:3)
  32 slime creatures
  6 dream sheep
  12 blink frogs
  2 fire giant simulacra
  A blink frog (shapeshifter) (Vaults:3)
  33 large abominations
  A frost giant simulacrum (Vaults:2)
  A meliai zombie (D:11)
  Sigmund (D:4)
  12 spriggans
  15 shadows
  19 air elementals
  A flying skull (Abyss:3)
  32 ynoxinuls
  87 redbacks
  3 ettin skeletons
  29 tarantellas
  11 fire dragon skeletons
  3 fire elementals
  55 yaks
  7 vampires
  13 water elementals
  A human (shapeshifter) (D:14)
  3 yaks (shapeshifter)
  9 wyverns
  A golden eye (shapeshifter) (Vaults:5)
  12 golden eyes (Pan)
  14 wraiths
  21 neqoxecs
  2 basilisks
  3 hungry ghosts
  24 chaos spawn
  19 vampire mosquitoes
  7 wargs
  Menkaure (D:4)
  9 insubstantial wisps
  2 acid dragons
  3 soldier ants
  18 swamp worms
  22 water moccasins
  A spiny frog zombie (Crypt:2)
  4 porcupines
  A water moccasin (shapeshifter) (Depths:2)
  8 small abominations
  4 hell hounds
  A water nymph skeleton (Crypt:1)
  A floating eye (Pan)
  4 ice beasts
  A meliai simulacrum (D:14)
  An elephant zombie (Crypt:1)
  4 sky beasts
  2 eyes of draining
  A fire dragon simulacrum (Crypt:1)
  2 tengu skeletons (Depths:2)
  34 orc warriors
  An ettin simulacrum (Vaults:3)
  A slave (D:8)
  A hornet zombie (Crypt:2)
  15 swamp drakes
  4 elf zombies
  An eye of draining (shapeshifter) (Vaults:4)
  6 necrophages
  26 centaurs
  4 phantoms
  10 boggarts
  62 ogres
  A wolf (shapeshifter) (Vaults:5)
  12 wolves (Lair:4)
  4 black bears
  10 crocodiles
  A swamp dragon skeleton (Pan)
  20 bullfrogs
  3 big kobolds
  A big kobold (shapeshifter) (Vaults:5)
  A gnoll sergeant (D:9)
  5 human skeletons
  10 earth elementals
  2 wyvern skeletons
  8 scorpions
  32 killer bees
  13 wights
  4 electric eels
  2 howler monkeys (D:4)
  3 bullfrog zombies
  11 crimson imps
  7 hounds
  2 jellies
  15 orc priests
  2 bullfrog skeletons
  29 orc wizards
  5 centaur skeletons
  An iron imp (Depths:1)
  A worker ant (shapeshifter) (Depths:4)
  2 iguanas
  14 worker ants
  An ogre zombie (Crypt:3)
  A hound skeleton (D:6)
  4 hound zombies
  2 mummies (D:11)
  2 worker ant zombies (D:11)
  Robin (D:3)
  8 gnolls
  A howler monkey skeleton (D:4)
  9 adders
  2 shadow imps
  A white imp (Depths:3)
  3 oozes
  An adder skeleton (D:4)
  2 adder zombies
  An iguana skeleton (Crypt:2)
  3 worms
  8 leopard geckos
  92 orcs
  7 bats
  3 giant cockroaches
  21 goblins
  12 hobgoblins
  19 jackals
  14 kobolds
  A quokka (D:2)
  A ball python skeleton (Crypt:2)
  A ball python zombie (D:4)
  7 frilled lizards
  A jackal skeleton (Crypt:2)
  A leopard gecko zombie (D:9)
  A quokka skeleton (D:4)
  2 quokka zombies
  9 rats
  4 briar patches
  A fire vortex (Lair:3)
  A fungus (Lair:4)
  A lurking horror (Abyss:3)
  2 plants
  4 starspawn tentacles
  3 withered plants
3387 creatures vanquished.

Vanquished Creatures (collateral kills)
  A pandemonium lord (Pan)
  Mara (Depths:4)
  A black draconian (Depths:5)
  A ynoxinul (Pan)
4 creatures vanquished.

Vanquished Creatures (others)
  A tentacled monstrosity (Zot:2)
  An eldritch tentacle (Pan)
  A fire giant (Depths:3)
  A frost giant (Vaults:5)
  A draconian knight (Zot:3)
  A green draconian (Zot:2)
  A spark wasp (WizLab)
  2 blizzard demons (WizLab)
  A hydra (Swamp:3)
  3 deep elf knights
  A death drake (WizLab)
  A deep elf mage (Vaults:5)
  A yaktaur (Vaults:2)
  The ghost of TheOvate the Gusty, a novice TeAE (D:4)
  A tyrant leech (Swamp:2)
  A fire elemental (Depths:4)
  A small abomination (Abyss:1)
  A slave (D:8)
  2 ogres
  A crimson imp (D:11)
  An orc priest (Vaults:3)
  A worker ant (D:8)
  A worker ant zombie (D:11)
  A howler monkey skeleton (D:8)
  A worm (D:8)
  14 ball lightnings
  A leopard gecko (D:11)
  An orc (Vaults:5)
  A goblin (D:14)
  A briar patch (Swamp:1)
  A bush (Lair:5)
  27 fungi
  A lurking horror (Abyss:3)
  28 plants
  A starspawn tentacle (Abyss:5)
  20 withered plants
125 creatures vanquished.

Grand Total: 3516 creatures vanquished

Table legend:
 A = Turns spent in this place as a percentage of turns spent in the entire game.
 B = Non-inter-level travel turns spent in this place as a percentage of non-inter-level travel turns spent in the entire game.
 C = Inter-level travel turns spent in this place as a percentage of turns spent in this place.
 D = Turns resting spent in this place as a percentage of non-inter-level travel turns spent in this place.
 E = Turns spent auto-exploring this place as a percentage of non-inter-level travel turns spent in this place.
 F = Non-inter-level travel turns spent in this place divided by the number of levels of this place that you've seen.
                   A       B       C       D       E      F
               +-------+-------+-------+-------+-------+----------------------
         Total | 100.0 | 100.0 |   8.6 |  36.6 |  41.2 | 1065.6
       Dungeon |  22.6 |  21.4 |  13.4 |  34.0 |  46.4 | 1185.6
        Temple |   0.0 |   0.0 |  68.8 |   0.0 |   0.0 |  10.0
          Lair |  11.4 |  11.4 |   9.0 |  36.9 |  48.0 | 1573.0
         Swamp |   9.9 |  10.1 |   7.2 |  56.9 |  25.2 | 2093.8
   Spider Nest |   8.5 |   9.0 |   3.8 |  46.6 |  37.7 | 1862.8
  Orcish Mines |   3.3 |   2.9 |  19.6 |  31.0 |  49.1 | 1200.5
   Elven Halls |   4.1 |   4.4 |   3.8 |  27.2 |  46.9 | 1205.3
        Vaults |  10.4 |  10.3 |   9.4 |  26.1 |  50.5 | 1719.2
         Crypt |   3.5 |   3.7 |   4.6 |  17.3 |  57.2 | 1020.3
        Depths |  11.8 |  11.5 |  10.3 |  46.1 |  32.4 | 1919.0
           Zot |   6.4 |   6.6 |   5.4 |  28.8 |  49.8 | 1103.8
         Abyss |   1.4 |   1.5 |   0.0 |  25.2 |  35.2 | 254.2
   Pandemonium |   5.9 |   6.4 |   0.0 |  30.5 |  18.4 | 297.0
        Bazaar |   0.1 |   0.1 |   0.0 |   0.0 |  96.6 | 117.0
        Wizlab |   0.6 |   0.6 |   0.0 |  39.6 |  26.7 | 540.0
               +-------+-------+-------+-------+-------+----------------------
